 Dungeon Sprint DCSS version 0.29-a0-92-gee772dd00f (webtiles) character file.

Game seed: 4564637329363969949

275 rocky1 the Blocker (level 6, -2/51 HPs)
             Began as a Minotaur Fighter on Feb 10, 2022.
             Slain by a human (6 damage)
             ... in the Dungeon (Sprint III: "The Ten Rune Challenge").
             The game lasted 00:02:34 (885 turns).

rocky1 the Blocker (Minotaur Fighter)                Turns: 885, Time: 00:02:35

Health: -2/51      AC:  8    Str: 22    XL:     6   Next: 3%
Magic:  5/5        EV:  9    Int:  5    God:
Gold:   34         SH:  6    Dex: 10    Spells: 5/5 levels left

rFire   . . .      SeeInvis .   a - +0 trident
rCold   . . .      Faith    .   c - +0 buckler
rNeg    . . .      Spirit   .   b - +0 scale mail
rPois   .          Reflect  .   (helmet restricted)
rElec   .          Harm     .   l - +0 cloak
rCorr   .          Rampage  .   (no gloves)
Will    .....      NoTele   +   (no boots)
Stlth   ..........              (no amulet)
HPRegen 0.17/turn               (no ring)
MPRegen 0.09/turn               (no ring)

@: no status effects
A: horns 2, retaliatory headbutt
a: no special abilities


You were in the Dungeon.
You visited 1 branch You collected 34 gold pieces.

Inventory:

Hand Weapons
 a - a +0 trident (weapon)
Armour
 b - a +0 scale mail (worn)
 c - a +0 buckler (worn)
 l - a +0 cloak (worn)
Scrolls
 j - a scroll of blinking
 m - a scroll of torment {unknown}
 n - 2 scrolls of identify {unknown}
 q - a scroll of immolation {unknown}
Potions
 d - a potion of might
 e - a potion of curing
 g - a potion of haste
 h - 2 potions of magic
 i - a potion of berserk rage
 k - a potion of brilliance {unknown}
 o - 2 potions of cancellation {unknown}
 p - 2 potions of attraction {unknown}
 r - a potion of flight {unknown}
 s - 4 potions of mutation


   Skills:
 - Level 3.6 Fighting
 + Level 10.9 Polearms
 - Level 3.6 Armour
 + Level 11.2 Shields


You had 5 spell levels left.
You didn't know any spells.
Your spell library was empty.

Dungeon Overview and Level Annotations

Branches:
Dungeon (1/1)

Altars:
Okawaru
Trog
Uskayaw
Wu Jian
Beogh


Innate Abilities, Weirdness & Mutations

You have a pair of horns on your head.
You reflexively headbutt those who attack you in melee.


Message History

The human completely misses you. The human hits you!
The human rages.
The human hits you.
The human rages.
The human hits you.
* * * LOW HITPOINT WARNING * * *
You feel much better. The human hits you but does no damage.
The human hits you. The human closely misses you.
Okay, then.
The human hits you but does no damage.
There is an open door here.
You hear a shout!
The human hits you. The human hits you!
* * * LOW HITPOINT WARNING * * *
There is an open door, spattered with blood here.
You are too injured to fight recklessly!
You are too injured to fight recklessly!
You are too injured to fight recklessly!
You are too injured to fight recklessly!
You closely miss the human. Your headbutt misses the human.
The human is moderately wounded.
The human hits you!
* * * LOW HITPOINT WARNING * * *
You puncture the human! Your headbutt misses the human.
The human is severely wounded.
The human closely misses you.
You puncture the human!
You kill the human!
You block the human's attack.
Your Polearms skill gained 2 levels and is now at level 10!
Your Shields skill gained 2 levels and is now at level 11!
You have reached level 5!
You have reached level 6!
You puncture the human!
The human is moderately wounded.
The human hits you.
You die...

▓▓▓▓▓▓▓▓▓▓▓▓ ▓▓▓
▓<.#..'....♣ ♣.#
▓..#..#....♣♣ ♣♣.#
▓#'####.....♣♣ ..#
▓.....#....≈.♣♣♣♣.###
▓.....#...≈≈..♣♣..#..
▓...@)#).≈≈≈≈♣♣♣♣.'.⌠
▓####p#..≈≈≈≈≈≈...#..
▓....)#.≈≈≈≈≈≈....#.⌠
▓..p..#.≈≈≈≈≈.....#..
▓.....#.≈≈≈.......#+#
▓'#####...........#
▓..p..............#
▓▓▓▓▓▓▓▓▓▓▓▓▓▓▓▓▓▓▓


You could see a human (strong).

Vanquished Creatures
  A water elemental (D)
  Crazy Yiuf (D)
  Jessica (D)
  2 humans (D)
  2 endoplasms (D)
  A rat (D)
8 creatures vanquished.

Vanquished Creatures (others)
  A plant (D)
1 creature vanquished.

Grand Total: 9 creatures vanquished

Notes
Turn   | Place    | Note
-------+----------+-------------------------------------------
     0 | D        | rocky1 the Minotaur Fighter began the quest for the Orb.
     0 | D        | Reached XP level 1. HP: 19/19 MP: 0/0
     4 | D        | Reached skill level 4 in Shields
    15 | D        | Noticed Jessica
    18 | D        | Killed Jessica
    19 | D        | Reached skill level 5 in Polearms
    19 | D        | Reached skill level 6 in Shields
    19 | D        | Reached XP level 2. HP: 20/26 MP: 1/1
    19 | D        | Reached XP level 3. HP: 24/31 MP: 2/2
   296 | D        | Noticed Crazy Yiuf
   302 | D        | Killed Crazy Yiuf
   303 | D        | Reached skill level 7 in Shields
   303 | D        | Reached XP level 4. HP: 16/39 MP: 0/3
   704 | D        | Noticed a water elemental
   709 | D        | Killed a water elemental
   710 | D        | Reached skill level 9 in Shields
   850 | D        | Found a hide-covered altar of Uskayaw.
   850 | D        | Found an iron altar of Okawaru.
   850 | D        | Found a bloodstained altar of Trog.
   850 | D        | Found an ornate altar of the Wu Jian Council.
   850 | D        | Noticed a human
   850 | D        | Noticed a human
   884 | D        | Killed a human
   885 | D        | Reached skill level 10 in Polearms
   885 | D        | Reached skill level 11 in Shields
   885 | D        | Reached XP level 5. HP: 4/45 MP: 4/4
   885 | D        | Reached XP level 6. HP: 4/51 MP: 5/5
   885 | D        | Slain by a human

Illustrated notes

Levels and vault maps discovered:
D:        dungeon_sprint_mu [sprint_mu_entry_forest, sprint_mu_temple_rooms,
          sprint_mu_d1_horrors, sprint_mu_d2_genie, sprint_mu_d3_branching,
          sprint_mu_orc_legion, sprint_mu_elf_gauntlet, sprint_mu_hive_nellie,
          sprint_mu_lair_fedhas, sprint_mu_vaults_butterflies,
          sprint_mu_slime_circle, sprint_mu_swamp_cave, sprint_mu_snake_twists,
          sprint_mu_blade_basic, sprint_mu_crypt_chambers,
          sprint_mu_tomb_spiral, sprint_mu_vestibule_basic,
          sprint_mu_gehenna_hellfire, sprint_mu_dis_giant,
          sprint_mu_tartarus_statrot, sprint_mu_cocytus_islands, sprint_mu_zot1]

Skill      XL: |  1  2  3  4 |
---------------+-------------+-----
Polearms       | 5 7 10 | 10.9
Shields        | 6 7 11 | 11.2
Fighting       | |  3.6
Armour         | |  3.6

Action                   |  1- 3 |  4- 6 || total
-------------------------+-------+-------++-------
Melee: Trident           |    26 |    13 ||    39
       Headbutt          |     3 |     1 ||     4
  Use: Potion            |       |     1 ||     1
Armor: Scale mail        |     6 |     5 ||    11
Dodge: Dodged            |     3 |     5 ||     8
Block: Buckler           |     5 |     2 ||     7

Table legend: (Time is in decaauts)
 A = Elapsed time spent in this place.
 B = Non-inter-level travel time spent in this place.
 C = Inter-level travel time spent in this place.
 D = Time resting spent in this place.
 E = Time spent auto-exploring this place.
 F = Levels seen in this place.
 G = Mean time per level.
                   A        B        C        D        E       F      G
               +--------+--------+--------+--------+--------+-----+--------+
         Total |    888 |    888 |      0 |    711 |      0 |   1 |  888.0 |
       Dungeon |    888 |    888 |      0 |    711 |      0 |   1 |  888.0 |
               +--------+--------+--------+--------+--------+-----+--------+

Top non-repeatable levels by time:
       D: 888 daAuts
